AoeStats
← Safe

Arena

509628524Analyzed
1v1 RM · 4d ago on Sep 27, 2026· 34m 10s· 2 players
Game mode
Random Map
Map size
Tiny (2 player)
Population
200
Speed
Normal
Resources
Standard
Victory
Conquest
Starting age
Dark Age
Ending age
Imperial Age
RankedLock teamsTeams togetherTeam positionsShared explorationLock speedFull tech treeHidden civsTurbo modeCheats
Victory
Defeat
🇦🇷 Bengalis · Argentina
906
+16
🇩🇪 Burgundians · Germany
902
-16
Safe
4:02 Double-Bit Axe
8:35 Horse Collar
11:12 Feudal Age
15:19 Castle Age
14:19 Bow Saw
15:44 Wheelbarrow
17:27 Gold Mining
21:43 Hand Cart
27:08 Husbandry
26:29 Cavalier
29:09 Scale Barding Armor
29:14 Forging
29:58 Gold Shaft Mining
30:54 Two-Man Saw
29:48 Stone Mining
31:02 Chain Barding Armor
31:18 Iron Casting
35:11 Imperial Age
33:05 Loom
fabiancja93
10:30 Feudal Age
12:07 Loom
14:51 Castle Age
13:17 Double-Bit Axe
14:28 Horse Collar
21:13 Bow Saw
21:47 Gold Mining
21:54 Stone Mining
31:34 Imperial Age
29:57 Paiks
32:24 Forging
32:20 Scale Barding Armor
32:15 Scale Mail Armor
35:09 Chain Barding Armor
35:24 Iron Casting
Connection lost

Rejoining the realm…

Still unreachable

The connection could not be restored.

Session expired

The server has moved on; the page needs a fresh start.